 Dungeon Crawl Stone Soup version 0.16-a0-262-g6fc725f (webtiles) character file.

65 Ololoev the Ducker (level 3, -1/17 HPs)
             Began as a Felid Berserker on Aug 25, 2014.
             Was a Believer of Trog.
             Slain by an orc
             ... wielding a +0 club
              (8 damage)
             ... on Level 3 of the Dungeon.
             The game lasted 00:10:05 (2261 turns).

Ololoev the Ducker (Felid Berserker)                Turns: 2261, Time: 00:10:06

HP  -1/17        AC  1     Str 13      XL: 3   Next: 92%
MP   5/5         EV 19     Int  8      God: Trog [**....]
Gold 73          SH  0     Dex 16      Spells:  0 memorised,  2 levels left
Lives: 0, deaths: 0

rFire  . . .     SeeInvis +       - Unarmed
rCold  . . .     Clarity  .     (armour unavailable)
rNeg   . . .     rCorr    .     (shield unavailable)
rPois  .         rRot     .     (helmet unavailable)
rElec  .         Spirit   .     (cloak unavailable)
SustAb .         Warding  .     (gloves unavailable)
rMut   .         Stasis   .     (boots unavailable)
Gourm  .                        (no amulet)
MR     .....                    (no ring)
                                (no ring)

@: quick, not resistant to hostile enchantments, fairly stealthy
A: paw claws, no armour, no weapons or thrown items, fangs 3, see invisible,
carnivore 3, speed 1, shaggy fur 1, slow metabolism 1, jump 1
a: Jump Attack, Burn Spellbooks, Berserk, Trog's Hand, Renounce Religion


You were on level 3 of the Dungeon.
You worshipped Trog.
Trog was pleased with you.
You were full.

You visited 1 branch of the dungeon, and saw 3 of its levels.

You collected 73 gold pieces.

Inventory:

Comestibles
 c - 2 meat rations
 j - a beef jerky
 k - a slice of pizza
Scrolls
 a - 4 scrolls of fear {unknown}
 b - 3 scrolls of remove curse {unknown}
 d - 3 scrolls of teleportation {unknown}
 g - 4 scrolls of identify {unknown}
 l - a scroll of blinking {unknown}
 o - a scroll of enchant armour {unknown}
Potions
 e - a potion of brilliance {unknown}
 f - a potion of haste {unknown}
 h - 2 potions of curing {unknown}
 i - a potion of might {unknown}
 m - 2 potions of heal wounds {unknown}
 n - a potion of restore abilities {unknown}


   Skills:
 - Level 3.0 Fighting
 - Level 4.0 Dodging
 * Level 3.7 Stealth
 + Level 4.0 Unarmed Combat


You had 2 spell levels left.
You didn't know any spells.

Dungeon Overview and Level Annotations

Branches:
Dungeon (3/15)

Altars:
Xom


Innate Abilities, Weirdness & Mutations

You cannot wear armour.
You are incapable of wielding weapons or throwing items.
Your paws have sharp claws.
You have razor-sharp teeth.
You have supernaturally acute eyesight.
You are carnivorous and can eat meat at any time.
You cover ground quickly.
You are covered in fur (AC +1).
You have a slow metabolism.
You can jump attack at a short distance.


Message History

The orc completely misses you.
You barely miss the orc.
The orc is moderately wounded.
The orc closely misses you.
You scratch the orc.
The orc is heavily wounded.
You closely miss the orc. Your punch misses the orc.
The orc is heavily wounded.
The orc hits you with a club.
You closely miss the orc.
The orc is heavily wounded.
You feel less exhausted. The orc completely misses you.
You scratch the orc but do no damage.
The orc is heavily wounded.
The orc hits you with a club!
You closely miss the orc.
The orc is heavily wounded.
The orc hits you with a club!
You die...

### ##.#
##################...
#..[.................
#.###########.##.....
#..## #.###....
#.#.## #.####...
#.###@# #.##..... ..#
##o# ##.##.#### ...
#######...#.# ###
.[..#......####
#............
####..##.#..###.
#.......##..# #.
#.###.#.##..# #.
#.#.##..# ##


You could see an orc (bleeding).

Vanquished Creatures
  2 adders (D:2)
  2 giant geckos (D:1)
  An ooze (D:1)
  An orc (D:3)
  4 giant cockroaches
  4 hobgoblins
  5 jackals
  A quokka (D:2)
  4 bats
  3 giant newts
  3 goblins
  2 kobolds
  9 rats
41 creatures vanquished.

Notes
Turn   | Place    | Note
--------------------------------------------------------------
     0 | D:1      | Ololoev, the Felid Berserker, began the quest for the Orb.
     0 | D:1      | Reached XP level 1. HP: 10/10 MP: 2/2
   443 | D:1      | Reached skill level 1 in Stealth
   484 | D:1      | Reached XP level 2. HP: 9/14 MP: 3/3
  1166 | D:2      | Reached XP level 3. HP: 17/17 MP: 5/5
  1485 | D:2      | Acquired Trog's second power
  2167 | D:3      | Found a shimmering altar of Xom.
  2167 | D:3      | Found a shimmering altar of Xom.
  2169 | D:3      | Found a shimmering altar of Xom.
  2261 | D:3      | Slain by an orc

Action                   || total
-------------------------++-------
Melee: Unarmed           ||   124
Invok: Berserk           ||     2
       Trog's Hand       ||     2
 Abil: Jump Attack       ||     8
 Stab: Sleeping          ||     2
       Distracted        ||     1
  Eat: Chunk             ||     3
       Meat ration       ||     1
